 Dungeon Crawl Stone Soup version 0.29-a0-337-g68df138881 (webtiles) character file.

Game seed: 5181361795157917493

29 spaghetti the Grave Robber (level 3, 25/25 HPs)
             Began as a Deep Dwarf Necromancer on Apr 17, 2022.
             Quit the game on level 2 of the Dungeon.
             The game lasted 00:03:02 (1378 turns).

spaghetti the Grave Robber (Deep Dwarf Necromancer) Turns: 1378, Time: 00:03:02

Health: 25/25      AC:  3    Str: 11    XL:     3   Next: 1%
Magic:  2/5        EV: 12    Int: 17    God:
Gold:   93         SH:  0    Dex: 19    Spells: 4/5 levels left

rFire   . . .      SeeInvis .   f - +0 dagger {short}
rCold   . . .      Faith    .   (no shield)
rNeg    . . .      Spirit   .   a - +0 robe
rPois   .          Reflect  .   (no helmet)
rElec   .          Harm     .   l - +0 cloak
rCorr   .          Rampage  .   (no gloves)
Will    .....                   (no boots)
Stlth   ++........              (no amulet)
HPRegen 0.00/turn               k - +6 ring of dexterity
MPRegen 0.09/turn               (no ring)

@: no status effects
A: damage resistance, heal wounds, sense surroundings 1, no regeneration, frail
1, mutation resistance 1
a: Heal Wounds


You were on level 2 of the Dungeon.
You visited 1 branch of the dungeon, and saw 2 of its levels.

You collected 93 gold pieces.


Innate Abilities, Weirdness & Mutations

You are resistant to damage.
You can heal yourself by infusing magical energy.
You passively map a small area around you.
You do not regenerate.
You are frail. (-10% HP)
You are somewhat resistant to further mutation.


   Skills:
 - Level 2.1 Dodging
 - Level 2.4 Stealth
 - Level 1.7 Spellcasting
 + Level 5.5 Necromancy


You had 4 spell levels left.
You knew the following spells:

 Your Spells              Type           Power      Damage    Failure   Level
a - Pain                  Necr           80%        1d8       1%          1

Your spell library contained the following spells:

 Spells                   Type           Power      Damage    Failure   Level
 Animate Skeleton         Necr           40%        N/A       1%          1
 Vampiric Draining        Necr           20%        2d7       6%          3
 Animate Dead             Necr           10%        N/A       21%         4
 Agony                    Necr           20%        N/A       50%         5

Inventory:

Hand Weapons
 f - a +0 dagger (weapon) {short}
   (You took it off a kobold on level 1 of the Dungeon)
 g - a +0 club {mace}
   (You took it off a goblin on level 1 of the Dungeon)
 j - a +0 club {mace}
   (You found it on level 1 of the Dungeon)
Missiles
 d - 61 stones {throwing}
Armour
 a - a +0 robe (worn)
 l - a +0 cloak (worn)
   (You found it on level 1 of the Dungeon)
Jewellery
 k - a +6 ring of dexterity (left hand)
   (You found it on level 1 of the Dungeon)
Scrolls
 c - a scroll of teleportation {unknown}
 e - a scroll of identify {unknown}
 i - 2 scrolls of immolation {unknown}
Potions
 b - a potion of magic

Dungeon Overview and Level Annotations

Branches:
Dungeon (2/15)

Altars:

Shops:
D:1 [(?

Annotations:
D:2 Robin

#....###.#, , ,
#....#<#g#, *
#....#.#.#** ,
,
#....#.#g######
*
####...#..g..g#
* ###.######g#
* #......#g# #
#.###.##b#.# **
#.###.##@..#
#......##### ,
######## * * ,*
*


You could see a hobgoblin, 2 goblins and a bat.


Message History

Casting: Pain (safe; 2% risk of failure)
Confirm with . or Enter, or press ? or * to list all spells.
Aiming: Pain (safe; 2% risk of failure)
Press: ? - help, Shift-Dir - straight line, f - adder
Aim: an adder (chance to affect: 81%)
The adder writhes in agony.
Robin of the Strong Arm comes into view.
They are wielding a +0 club. 😕 MP[-1]
You lost 1 mp, and now have 3/4 mp.
Casting: Pain (safe; 2% risk of failure)
Confirm with . or Enter, or press ? or * to list all spells.
Aiming: Pain (safe; 2% risk of failure)
Press: ? - help, Shift-Dir - straight line, f/p - adder
Aim: an adder (lightly wounded, chance to affect: 81%)
The adder writhes in agony!
Robin shouts!
You hear a shout!
The bat closely misses you.
A goblin comes into view. It is wielding a +0 dagger. 😕 MP[-1]
You lost 1 mp, and now have 2/4 mp.
Casting: Pain (safe; 2% risk of failure)
Confirm with . or Enter, or press ? or * to list all spells.
Aiming: Pain (safe; 2% risk of failure)
Press: ? - help, Shift-Dir - straight line, f/p - adder
Aim: an adder (severely wounded, chance to affect: 81%)
The adder writhes in agony.
The adder misses you.
A goblin comes into view. It is wielding a +0 club.
The bat closely misses you. 😕 MP[-1]
You lost 1 mp, and now have 1/4 mp.
Casting: Pain (safe; 2% risk of failure)
Confirm with . or Enter, or press ? or * to list all spells.
Aiming: Pain (safe; 2% risk of failure)
Press: ? - help, Shift-Dir - straight line, f/p - adder
Aim: an adder (almost dead, chance to affect: 81%)
The adder writhes in agony!
You kill the adder!
The bat hits you but does no damage.
You have reached level 3!
Your experience leads to an increase in your attributes!
Your base attributes are Str 11, Int 15, Dex 13.
Increase (S)trength, (I)ntelligence, or (D)exterity?
You feel clever. x2 😕 HP[+5] MP[-1]
You now have 28 max hp (+6).
You regained 5 hp, and now have 26/28 hp.
There are monsters nearby!
Unknown command.
The goblin attacks as you move away! The goblin barely misses you.
The bat closely misses you. The goblin attacks as you move away!
The goblin hits you but does no damage. The bat completely misses you.
Robin roars a battlecry!
The goblins go into a battle-frenzy!
You hear a shout!
The goblin attacks as you move away! The goblin barely misses you.
Robin throws the goblin at you! The bat hits you but does no damage.
The goblin attacks as you move away! The goblin hits you with a +0 club.
The bat misses you. 😕 HP[-4]
You take 4 damage, and now have 22/28 hp.
The bat misses you. The bat attacks as you move away!
The bat barely misses you. x2 😕 MP[+1]
The goblin attacks as you move away! The goblin barely misses you.
The bat closely misses you. The goblin attacks as you move away!
The goblin hits you but does no damage. The bat closely misses you.
The bat closely misses you. The bat closely misses you.
The bat attacks as you move away! The bat hits you. The bat misses you.
The bat hits you but does no damage. The bat attacks as you move away!
The bat hits you but does no damage. x3
The bat attacks as you move away! The bat hits you but does no damage. x2
The bat attacks as you move away! The bat misses you.
The bat closely misses you. The bat hits you but does no damage.
The bat barely misses you. 😕 MP[+1]
The bat attacks as you move away! The bat closely misses you. x2
The bat hits you but does no damage. The bat hits you.
The bat hits you but does no damage.
The goblin no longer looks unusually strong.
The bat barely misses you. The bat hits you. The bat attacks as you move away!
The bat hits you but does no damage. The bat barely misses you.
The bat misses you.
You see here a cyan potion.
m - a cyan potion The bat closely misses you.
It was a potion of mutation.
You feel extremely strange.
You feel frail.
You feel genetically stable. The bat barely misses you.
You now have 25 max hp (-3).
It was a potion of curing.
You feel better. The bat closely misses you. 😎 HP[+3]
Your hp is fully restored (25).
Unknown command.
Are you sure you want to abandon this character and quit the game? (Confirm with "yes".)

Skill      XL: |  1  2 |
---------------+-------+-----
Necromancy     | 5 |  5.5
Dodging        | |  2.1
Stealth        | |  2.4
Spellcasting   | |  1.7

Action                   || total
-------------------------++-------
Melee: Unarmed           ||     5
       Dagger            ||     7
 Cast: Pain              ||    32
  Use: Potion            ||     2
Armor: Robe              ||    19
Dodge: Dodged            ||    33

Levels and vault maps discovered:
D:1:      psy_arrival_radial01, layout_basic, serial_shops, shop,
          nicolae_shop_competitors_out_of_business, nicolae_shop_crystal,
          chequers_serial_rivers_marsh, st_stairs_10
D:2:      layout_basic, uniq_robin, uniq_sigmund

Notes
Turn   | Place    | Note
-------+----------+-------------------------------------------
     0 | D:1      | spaghetti the Deep Dwarf Necromancer began the quest for
                  | the Orb.
     0 | D:1      | Reached XP level 1. HP: 15/15 MP: 3/3
     0 | D:1      | magus.rc [v1.9.6]
   202 | D:1      | Found Bel Sago's Weapon Shop.
   204 | D:1      | Found Vasm's Antique Armour Boutique.
   364 | D:1      | Found Xuofin's Magic Scroll Emporium.
   484 | D:1      | Reached XP level 2. HP: 22/22 MP: 1/4
   531 | D:1      | Reached skill level 5 in Necromancy
  1346 | D:2      | Noticed Robin
  1350 | D:2      | Reached XP level 3. HP: 26/28 MP: 0/5
  1376 | D:2      | Gained mutation: You are frail. (-10% HP) [potion of
                  | mutation]
  1376 | D:2      | Gained mutation: You are somewhat resistant to further
                  | mutation. [potion of mutation]
  1378 | D:2      | Quit the game

Vanquished Creatures
  An adder (D:2)
  2 endoplasms (D:1)
  A goblin (D:1)
  A hobgoblin (D:1)
  2 jackals (D:1)
  2 quokkas
  3 ball pythons (D:1)
  3 bats (D:1)
  A frilled lizard (D:1)
  2 kobolds (D:1)
  3 rats (D:1)
21 creatures vanquished.

Table legend:
 A = Non-vault XP
 B = Vault XP
 C = Vault XP percentage of total XP
 D = Non-vault monster count
 E = Vault monster count
 F = Vault count percentage of total count
                 A         B        C        D         E       F
            +---------+---------+-------+---------+---------+-------
      Total |      37 |       5 |  11.9 |      18 |       3 |  14.3
            +---------+---------+-------+---------+---------+-------
        D:1 |      22 |       5 |  18.5 |      16 |       3 |  15.8
        D:2 |      15 |       0 |   0.0 |       2 |       0 |   0.0
            +---------+---------+-------+---------+---------+-------

Illustrated notes

Table legend:
 A = Kills in this place as a percentage of kills in entire the game.
 B = Kills by you in this place as a percentage of kills by you in the entire game.
 C = Kills by friends in this place as a percentage of kills by friends in the entire game.
 D = Other kills in this place as a percentage of other kills in the entire game.
 E = Experience gained in this place as a percentage of experience gained in the entire game.
 F = Experience gained in this place divided by the number of levels of this place that you have seen.
                   A       B       C       D       E      F
               +-------+-------+-------+-------+-------+----------------------
         Total | 100.0 | 100.0 |   N/A |   N/A | 100.0 |  21.0
       Dungeon | 100.0 | 100.0 |   N/A |   N/A | 100.0 |  21.0
               +-------+-------+-------+-------+-------+----------------------

Table legend: (Time is in decaauts)
 A = Elapsed time spent in this place.
 B = Non-inter-level travel time spent in this place.
 C = Inter-level travel time spent in this place.
 D = Time resting spent in this place.
 E = Time spent auto-exploring this place.
 F = Levels seen in this place.
 G = Mean time per level.
                   A        B        C        D        E       F      G
               +--------+--------+--------+--------+--------+-----+--------+
         Total |   1381 |   1259 |    122 |      0 |   1123 |   2 |  690.5 |
       Dungeon |   1381 |   1259 |    122 |      0 |   1123 |   2 |  690.5 |
               +--------+--------+--------+--------+--------+-----+--------+

Top non-repeatable levels by time:
     D:1: 1282 daAuts
     D:2: 99 daAuts
